 Dungeon Crawl Stone Soup version 0.29-a0-359-g541a27f54d (webtiles) character file.

Game seed: 10893040815020955682

60 purpskrrrp the Conjurer (level 4, -3/24 HPs)
             Began as a Kobold Conjurer on Apr 27, 2022.
             Slain by a steam dragon (6 damage)
             ... on level 3 of the Dungeon.
             The game lasted 00:18:16 (4139 turns).

purpskrrrp the Conjurer (Kobold Conjurer)           Turns: 4139, Time: 00:18:18

Health: -3/24      AC:  3    Str:  4      XL:     4   Next: 24%
Magic:  8/8        EV: 14    Int: 21      God:
Gold:   81         SH:  0    Dex: 11 (13) Spells: 7/8 levels left

rFire   . . .      SeeInvis .   c - +0 quarterstaff (vorpal)
rCold   . . .      Faith    .   (shield currently unavailable)
rNeg    . . .      Spirit   .   a - +0 robe
rPois   .          Reflect  .   (no helmet)
rElec   .          Harm     .   (no cloak)
rCorr   .          Rampage  .   (no gloves)
Will    .....                   j - +0 pair of boots
Stlth   +++.......              (no amulet)
HPRegen 0.08/turn               l - ring of flight
MPRegen 0.11/turn               (no ring)

@: flying
A: small, no large weapons, nightstalker 3
a: no special abilities


You were on level 3 of the Dungeon.
You visited 1 branch of the dungeon, and saw 3 of its levels.

You collected 81 gold pieces.

Inventory:

Hand Weapons
 c - a +0 vorpal quarterstaff (weapon)
 d - a +0 short sword
 e - a +0 whip
Armour
 a - a +0 robe (worn)
 h - a +0 leather armour
 j - a +0 pair of boots (worn)
Jewellery
 l - a ring of flight (left hand)
Scrolls
 i - 2 scrolls of identify
 o - a scroll of teleportation {unknown}
Potions
 b - a potion of magic
 f - a potion of cancellation
 k - a potion of curing
 m - a potion of brilliance {unknown}
 n - a potion of heal wounds {unknown}


   Skills:
 + Level 0.1 Fighting
 + Level 0.3 Maces & Flails
 + Level 2.9 Dodging
 + Level 3.2 Stealth
 + Level 0.7 Unarmed Combat
 + Level 2.8 Spellcasting
 + Level 4.5 Conjurations


You had 7 spell levels left.
You knew the following spells:

 Your Spells              Type           Power      Damage    Failure   Level
a - Magic Dart            Conj           88%        1d7       1%          1

Your spell library contained the following spells:

 Spells                   Type           Power      Damage    Failure   Level
 Searing Ray              Conj           44%        2d6       3%          2
 Dazzling Flash           Conj/Hex       24%        N/A       16%         3
 Gell's Gravitas          Tloc           3%         N/A       38%         3
 Lesser Beckoning         Tloc           3%         N/A       38%         3
 Teleport Other           Tloc           3%         N/A       38%         3
 Fulminant Prism          Conj/Hex       6%         3d7       47%         4
 Iskenderun's Mystic Bla  Conj/Tloc      12%        2d5       47%         4


Dungeon Overview and Level Annotations

Branches:
Dungeon (3/15)

Altars:
Xom

Shops:
D:2 !


Innate Abilities, Weirdness & Mutations

You are small and have problems with some larger weapons.
You are completely attuned to the shadows.


Message History

Blink to where?
Press: ? - help, Q - select action, (/) - cycle Dir - move target
As you read the scroll of blinking, it crumbles to dust.
There is an escape hatch in the ceiling here.
A mysterious force pulls you upwards. The hatch slams shut behind you.
You start resting.
Magic restored.
You start resting.
Your extra speed is starting to run out.
You start resting.
You feel yourself slow down.
You start resting.
HP restored.
Really renounce your faith, foregoing its fabulous benefits?
Are you sure?
Okay, then.
Really renounce your faith, foregoing its fabulous benefits?
Are you sure?
You have lost your religion!
Xom does not appreciate desertion!
There is a stone staircase leading down here.
There is a stone staircase leading down here.
There are no items here.
You fly downwards.
There is a stone staircase leading up here.
You see here a +0 ring mail.
There is a stone staircase leading down here.
You fly downwards.
There is a stone staircase leading up here.
You hit the steam dragon but do no damage.
The steam dragon bites you but does no damage.
The steam dragon claws you.
You barely miss the steam dragon. The steam dragon breathes steam at you.
The ball of steam hits you!
Ouch! That really hurt!
* * * LOW HITPOINT WARNING * * *
The steam dragon bites you.
You die...
Xom bursts into laughter!

.#...###.# ##.....##
#.### .#.#.# #.#
##...## #.# ##.#.# #.#
##+## #.#
##.#.###.#######.# #.#
#...............# #.#
###.###.#######.####
#.# #.# #.# #.......#
#.# #.###.####..D....#
#.#
#.....ยงยง...#.@.#.#
#.#
#####D###..##.##.####.#
#.###.............#
#............######
##############


You could see a steam dragon.

Vanquished Creatures
  2 adders (D:2)
  2 dart slugs (D:1)
  4 endoplasms
  5 goblins
  2 hobgoblins (D:1)
  5 kobolds
  4 quokkas (D:1)
  4 ball pythons
  2 bats (D:1)
  3 frilled lizards (D:1)
  4 rats (D:1)
37 creatures vanquished.

Vanquished Creatures (others)
  2 plants (D:1)
2 creatures vanquished.

Grand Total: 39 creatures vanquished

Notes
Turn   | Place    | Note
-------+----------+-------------------------------------------
     0 | D:1      | purpskrrrp the Kobold Conjurer began the quest for the Orb.
     0 | D:1      | Reached XP level 1. HP: 10/10 MP: 3/3
   588 | D:1      | Reached XP level 2. HP: 11/15 MP: 5/5
  1153 | D:1      | Reached XP level 3. HP: 19/19 MP: 3/6
  1567 | D:1      | Found a faded altar of an unknown god.
  1584 | D:1      | Prayed at the altar of an unknown god.
  1584 | D:1      | Became a worshipper of Xom of Chaos
  2000 | D:2      | Found Daigay's Distillery.
  2062 | D:2      | Reached XP level 4. HP: 24/24 MP: 1/8
  2376 | D:2      | XOM: 1-stop teleportation journey
  2847 | D:2      | XOM: silly message
  3499 | D:3      | XOM: 2-stop teleportation journey
  3540 | D:3      | Noticed a steam dragon
  3753 | D:2      | XOM: summons 3 hostile demons
  4028 | D:1      | Fell from the grace of Xom
  4139 | D:3      | Slain by a steam dragon

Illustrated notes

Levels and vault maps discovered:
D:1:      dpeg_arrival_connections, layout_loops_ring,
          dilly_ecumenical_altar_fadedgnrine
D:2:      layout_basic, serial_shops, nicolae_shop_statue_plus,
          columned_hall_lemuel
D:3:      layout_loops_corners, grunt_temple_overflow_bloody_war

Skill      XL: |  1  2  3 |
---------------+----------+-----
Stealth        | 3 |  3.2
Fighting       | |  0.1
Maces & Flails | |  0.3
Dodging        | |  2.9
Unarmed Combat | |  0.7
Spellcasting   | |  2.8
Conjurations   | |  4.5

Action                   |  1- 3 |  4- 6 || total
-------------------------+-------+-------++-------
Melee: Unarmed           |    19 |       ||    19
       Whip              |    11 |       ||    11
       Short sword       |    12 |       ||    12
       Punch             |     2 |       ||     2
       Quarterstaff      |     7 |     2 ||     9
 Cast: Magic Dart        |    40 |    20 ||    60
Invok: Renounce Religion |       |     1 ||     1
  Use: Scroll            |     7 |     3 ||    10
       Potion            |       |     1 ||     1
 Stab: Sleeping          |     3 |       ||     3
Armor: Robe              |     9 |     9 ||    18
Dodge: Dodged            |    29 |    28 ||    57

Table legend: (Time is in decaauts)
 A = Elapsed time spent in this place.
 B = Non-inter-level travel time spent in this place.
 C = Inter-level travel time spent in this place.
 D = Time resting spent in this place.
 E = Time spent auto-exploring this place.
 F = Levels seen in this place.
 G = Mean time per level.
                   A        B        C        D        E       F      G
               +--------+--------+--------+--------+--------+-----+--------+
         Total |   4123 |   3814 |    309 |   1107 |   2359 |   3 | 1374.3 |
       Dungeon |   4123 |   3814 |    309 |   1107 |   2359 |   3 | 1374.3 |
               +--------+--------+--------+--------+--------+-----+--------+

Top non-repeatable levels by time:
     D:1: 2070 daAuts
     D:2: 1534 daAuts
     D:3: 518 daAuts
